 Dungeon Crawl Stone Soup version 0.21-a0-140-g479285b (webtiles) character file.

1224 grindst0ne the Arsonist (level 8, -9/68 HPs)
             Began as a Hill Orc Fire Elementalist on July 21, 2017.
             Killed by divine providence
             ... invoked by an orc priest
              (15 damage)
             ... on level 5 of the Dungeon.
             The game lasted 00:22:12 (6042 turns).

grindst0ne the Arsonist (HOFE)                      Turns: 6042, Time: 00:22:12

Health: -9/68      AC: 11    Str: 13    XL:     8   Next: 47%
Magic:  10/10      EV: 10    Int: 18    God:
Gold:   154        SH:  0    Dex: 11    Spells: 2/10 levels left

rFire    . . .     SeeInvis .   A - +0 war axe
rCold    . . .     Gourm    .   (no shield)
rNeg     . . .     Faith    .   B - +4 ring mail
rPois    .         Spirit   .   d - +0 helmet
rElec    .         Reflect  .   a - +0 cloak (curse)
rCorr    .         Harm     .   (no gloves)
MR       .....                  (no boots)
Stlth    +.........             (no amulet)
HPRegen  0.21/turn              r - +3 ring of intelligence
MPRegen  0.12/turn              (no ring)

@: no status effects
A: no striking features
a: Convert to Beogh


You were on level 5 of the Dungeon.
You were not hungry.

You visited 1 branch of the dungeon, and saw 5 of its levels.

You collected 154 gold pieces.

Inventory:

Hand Weapons
 p - a +1 hand axe
 A - a +0 war axe (weapon)
Missiles
 s - a throwing net (quivered)
Armour
 a - a cursed +0 cloak (worn)
 d - a +0 helmet (worn)
 B - a +4 ring mail (worn)
Jewellery
 r - a +3 ring of intelligence (left hand)
Scrolls
 e - a scroll of enchant armour
 f - 2 scrolls of magic mapping
 g - a scroll of noise {unknown}
 i - a scroll of blinking {unknown}
 k - 2 scrolls of identify
 l - a scroll of teleportation
 o - a scroll of remove curse
 t - a scroll of amnesia
 w - a scroll of random uselessness {unknown}
 x - a scroll of fog {unknown}
 y - a scroll of enchant weapon
Potions
 j - a potion of lignification
 u - a potion of cancellation
 v - a potion of brilliance {unknown}
Books
 b - a book of Flames

   Spells                             Type                      Level
   a - Flame Tongue                   Conjuration/Fire             1
   b - Throw Flame                    Conjuration/Fire             2
   c - Conjure Flame                  Conjuration/Fire             3
   d - Inner Flame                    Hexes/Fire                   3
   e - Sticky Flame                   Conjuration/Fire             4
   f - Fireball                       Conjuration/Fire             5
Comestibles
 c - 2 bread rations
 h - 2 chunks of flesh
 m - 3 fruits
 n - a royal jelly


   Skills:
 - Level 5.0 Fighting
 + Level 3.0 Axes
 - Level 1.5 Dodging
 - Level 1.5 Stealth
 - Level 1.5 Spellcasting
 + Level 5.1 Conjurations
 + Level 8.1 Fire Magic


You had 2 spell levels left.
You knew the following spells:

 Your Spells              Type           Power        Failure   Level  Hunger
a - Flame Tongue          Conj/Fire      ####.        2%          1    ##.....
b - Conjure Flame         Conj/Fire      ####....     9%          3    ####...
c - Sticky Flame          Conj/Fire      ####....     26%         4    #####..


Dungeon Overview and Level Annotations

Branches:
Dungeon (5/15)
 Temple: D:4-7

Altars:
Xom


Message History

The crimson imp blinks!
The orc priest calls down the wrath of Beogh upon you.
Beogh smites you!
* * * LOW HITPOINT WARNING * * *
The orc wizard mumbles some strange words.
The orc wizard blinks!
The crimson imp blinks!
The orc wizard mumbles some strange words.
The orc wizard blinks!
Things that are here:
a dagger; a robe
Okay, then.
Things that are here:
a dagger; a robe
Things that are here:
a dagger; a robe; an orc skeleton The orc priest looks braver for a moment.
The orc priest mumbles some strange prayers to Beogh against you.
Beogh smites you!
You die...

# ####.#######
...........#
.##.##)##.#
.... #....##<#
.... #.##.##.#
....##....@..#
#.......)####
#..#####)#
#.###.....##)#
#...#.##.##o# #
##..ยง.....o.#
......#..#o####
#.##.....o.#
#.##.###(#.#


You could see 2 orc priests.

Vanquished Creatures
  Sigmund (D:2)
  The ghost of Leszczynek the Cudgeler, an amateur HOAM (D:4)
  Edmund (D:4)
  A bullfrog (D:3)
  A scorpion (D:4)
  A hound (D:4)
  8 orc wizards
  A bullfrog skeleton (D:4)
  A centaur skeleton (D:4)
  Crazy Yiuf (D:2)
  Jessica (D:3)
  A worker ant (D:5)
  Natasha (thrice) (D:2 D:1)
  A hound skeleton (D:4)
  Robin (D:1)
  A gnoll (D:4)
  8 adders
  An ooze (D:2)
  2 worms
  3 dart slugs
  3 leopard geckos
  13 orcs
  2 giant cockroaches (D:1)
  12 goblins
  16 hobgoblins
  5 jackals
  6 quokkas
  A ball python (D:3)
  7 bats
  4 frilled lizards
  11 kobolds
  9 rats
128 creatures vanquished.

Notes
Turn   | Place    | Note
-------+----------+-------------------------------------------
     0 | D:1      | grindst0ne the Hill Orc Fire Elementalist began the quest for the Orb.
     0 | D:1      | Reached XP level 1. HP: 14/14 MP: 3/3
    54 | D:1      | Reached skill level 1 in Fighting
   116 | D:1      | Reached XP level 2. HP: 20/23 MP: 0/4
   751 | D:1      | Reached XP level 3. HP: 27/29 MP: 2/5
   986 | D:1      | Learned a level 3 spell: Conjure Flame
  1054 | D:1      | Reached skill level 1 in Axes
  1325 | D:2      | Noticed Natasha
  1332 | D:2      | Killed Natasha
  1332 | D:2      | Reached skill level 4 in Fire Magic
  1332 | D:2      | Reached XP level 4. HP: 22/37 MP: 4/6
  1398 | D:2      | Noticed Natasha
  1476 | D:2      | Killed Natasha
  1516 | D:2      | Noticed Natasha
  1760 | D:1      | Killed Natasha
  1760 | D:1      | Reached XP level 5. HP: 8/45 MP: 1/7
  2006 | D:2      | Noticed Sigmund
  2058 | D:2      | Noticed Robin
  2128 | D:1      | Killed Robin
  2427 | D:2      | Killed Sigmund
  2427 | D:2      | Reached skill level 5 in Fire Magic
  2427 | D:2      | Reached XP level 6. HP: 55/55 MP: 8/8
  2468 | D:2      | Found a runed door.
  2472 | D:2      | Noticed Crazy Yiuf
  2518 | D:2      | Reached skill level 5 in Fighting
  2553 | D:2      | Killed Crazy Yiuf
  2978 | D:2      | Learned a level 4 spell: Sticky Flame
  3049 | D:3      | Reached skill level 6 in Fire Magic
  3363 | D:3      | Reached XP level 7. HP: 35/61 MP: 9/9
  3617 | D:3      | Noticed Jessica
  3621 | D:3      | Killed Jessica
  4170 | D:4      | Noticed Edmund
  4237 | D:4      | Killed Edmund
  4459 | D:4      | Noticed Leszczynek's ghost (amateur HOAM)
  4483 | D:4      | Killed Leszczynek's ghost
  4483 | D:4      | Reached skill level 7 in Fire Magic
  4788 | D:4      | Reached XP level 8. HP: 53/68 MP: 6/10
  5656 | D:4      | Found a shimmering altar of Xom.
  5870 | D:5      | Entered Level 5 of the Dungeon
  5898 | D:5      | Reached skill level 5 in Conjurations
  5919 | D:5      | Reached skill level 8 in Fire Magic
  6042 | D:5      | Killed from afar by an orc priest

Vault maps used:
D:1:      nicolae_arrival_memento_mori, hangedman_decor_points,
          minmay_tromino_v7
D:2:      uniq_sigmund, uniq_robin, uniq_crazy_yiuf_cottage, uniq_natasha
D:3:      minivault_23, uniq_jessica
D:4:      tgw_xom, serial_forest, infiniplex_forest_end_double,
          infiniplex_forest_lined_2, infiniplex_forest_clump_curved,
          infiniplex_forest_corner_1, infiniplex_forest_side_room,
          infiniplex_forest_straight_3, infiniplex_forest_clump_tiny,
          first_bread, minmay_strange_pillars, minmay_misc_feat_five,
          uniq_edmund
D:5:      nemelex_xobeh_ov_fountains_minmay, uniq_grinder

Skill      XL: |  1  2  3  4  5  6  7  8 |
---------------+-------------------------+-----
Fighting       | 1 2 3 4 5 |  5.0
Axes           | 2 3 |  3.0
Fire Magic     | 4 5 6 7 8 |  8.1
Conjurations   | 2 4 5 |  5.1
Dodging        | |  1.5
Stealth        | |  1.5
Spellcasting   | |  1.5

Action                   |  1- 3 |  4- 6 |  7- 9 || total
-------------------------+-------+-------+-------++-------
Melee: Unarmed           |    36 |       |       ||    36
       Hand axe          |    33 |    85 |   176 ||   294
       War axe           |       |       |    43 ||    43
 Cast: Flame Tongue      |    37 |    51 |    95 ||   183
       Conjure Flame     |       |     1 |       ||     1
  Use: Scroll            |       |     9 |     2 ||    11
       Potion            |       |     5 |     7 ||    12
 Stab: Sleeping          |     1 |       |       ||     1
  Eat: Chunk             |     2 |     8 |     7 ||    17
       Bread ration      |       |       |     1 ||     1
Armor: Robe              |     6 |       |    26 ||    32
       Leather armour    |    15 |    33 |       ||    48
       Skin              |       |    10 |       ||    10
       Scale mail        |       |       |    62 ||    62
       Ring mail         |       |       |    29 ||    29
Dodge: Dodged            |    73 |    64 |   149 ||   286
